 Dungeon Crawl Stone Soup version 0.29-a0-284-gf9362112df (webtiles) character file.

Game seed: 11721761199894325334

517 rabbitsville the Spear-Bearer (level 7, -1/56 HPs)
             Began as a Merfolk Gladiator on Mar 17, 2022.
             Slain by a lemure (4 damage)
             ... led by Pikel
             ... on level 5 of the Dungeon.
             The game lasted 00:15:12 (5328 turns).

rabbitsville the Spear-Bearer (Merfolk Gladiator)   Turns: 5328, Time: 00:15:13

Health: -1/56      AC:  5    Str: 16    XL:     7   Next: 20%
Magic:  7/7        EV: 13    Int:  8    God:
Gold:   321        SH:  0    Dex: 15    Spells: 6/6 levels left

rFire   . . .      SeeInvis .   a - +0 trident
rCold   . . .      Faith    .   (no shield)
rNeg    + . .      Spirit   .   b - +0 leather armour
rPois   .          Reflect  .   c - +0 helmet
rElec   .          Harm     .   (no cloak)
rCorr   .          Rampage  .   (no gloves)
Will    .....                   x - +0 pair of boots
Stlth   +.........              (no amulet)
HPRegen 0.18/turn               u - ring of positive energy
MPRegen 0.10/turn               (no ring)

@: no status effects
A: (nimble swimmer 2), mertail
a: no special abilities


You were on level 5 of the Dungeon.
You visited 1 branch of the dungeon, and saw 5 of its levels.

You collected 321 gold pieces.

Inventory:

Hand Weapons
 a - a +0 trident (weapon)
Missiles
 d - a throwing net (quivered)
 i - 6 curare-tipped darts
 w - 4 poisoned darts
Armour
 b - a +0 leather armour (worn)
 c - a +0 helmet (worn)
 x - a +0 pair of boots (worn)
Jewellery
 u - a ring of positive energy (left hand)
Wands
 m - a wand of flame (31)
Scrolls
 e - a scroll of fog {unknown}
 f - a scroll of brand weapon {unknown}
 g - 4 scrolls of enchant armour {unknown}
 h - a scroll of enchant weapon {unknown}
 n - a scroll of noise {unknown}
 p - 2 scrolls of vulnerability {unknown}
 r - 2 scrolls of teleportation {unknown}
 t - a scroll of identify {unknown}
 y - a scroll of magic mapping {unknown}
Potions
 j - 3 potions of might {unknown}
 k - a potion of attraction {unknown}
 o - a potion of magic {unknown}
 q - a potion of lignification {unknown}
 s - 3 potions of invisibility {unknown}
 v - a potion of degeneration {unknown}
 z - 2 potions of flight {unknown}


   Skills:
 + Level 5.0 Fighting
 * Level 8.9 Polearms
 - Level 2.0 Throwing
 - Level 4.0 Dodging


You had 6 spell levels left.
You didn't know any spells.
Your spell library was empty.

Dungeon Overview and Level Annotations

Branches:
Dungeon (5/15)
 Temple: D:4-7

Altars:
Ashenzari
Hepliaklqana

Shops:
D:2 [   D:3 !

Annotations:
D:4 2 transporters, sammy202020's ghost, amateur GrBe
D:5 Pikel


Innate Abilities, Weirdness & Mutations

((You are very nimble when in or above water. (Stealth+, EV+, Speed+++)))
Your lower body shifts to a powerful aquatic tail in water.


Message History

Pikel is lightly wounded.
Pikel struggles against the net.
Reach: a) +0 trident
Press: ? - help, Dir - move target, f/p - Pikel
Aim: Pikel, wielding a +2 whip of freezing, wearing a +0 robe and carrying a wand of iceblast (10) (lightly wounded, entangled in a net, about 10% to evade your +0 trident)
You reach to attack!
You hit Pikel.
Pikel is moderately wounded.
Pikel struggles against the net.
The net rips apart, and Pikel comes free!
Reach: a) +0 trident
Press: ? - help, Dir - move target, f/p - Pikel
Aim: Pikel, wielding a +2 whip of freezing, wearing a +0 robe and carrying a wand of iceblast (10) (moderately wounded, about 42% to evade your +0 trident)
You reach to attack!
You barely miss Pikel.
Pikel is moderately wounded.
You closely miss Pikel.
Pikel is moderately wounded.
You hit Pikel but do no damage.
Pikel is moderately wounded.
Pikel closely misses you.
You barely miss Pikel.
Pikel is moderately wounded.
Pikel hits you with a +2 whip of freezing.
Pikel freezes you.
You hit Pikel.
Pikel is moderately wounded.
Pikel misses you. The lemure closely misses you. The lemure hits you.
You hit Pikel but do no damage.
Pikel is moderately wounded.
Pikel hits you with a +2 whip of freezing.
Pikel freezes you. The lemure hits you. x2
You miss Pikel.
Pikel is moderately wounded.
Pikel hits you with a +2 whip of freezing!
* * * LOW HITPOINT WARNING * * *
Pikel freezes you.
* * * LOW HITPOINT WARNING * * *
The lemure hits you.
* * * LOW HITPOINT WARNING * * *
The lemure hits you.
You die...

#.# #.# #.# #.# ###
#.###########8##### ##
#.................. ..
#..................
#(###55................
#....K@....######.#####
#...######## #.# #...#
#.# ##### #.# ###


You could see Pikel and 2 lemures.

Vanquished Creatures
  A water moccasin (D:5)
  An orc warrior (D:3)
  A lemure (D:5)
  A scorpion (D:3)
  A hound (D:4)
  2 iguanas
  An orc wizard (D:4)
  4 adders
  2 worms
  4 dart slugs
  12 orcs
  3 bats (D:1)
  7 endoplasms
  2 giant cockroaches (D:3)
  4 goblins
  5 hobgoblins
  7 jackals
  9 kobolds
  2 quokkas
  9 ball pythons
  2 frilled lizards (D:1)
  10 rats
90 creatures vanquished.

Vanquished Creatures (others)
  A demonic plant (D:1)
  A fungus (D:1)
  2 plants (D:1)
4 creatures vanquished.

Grand Total: 94 creatures vanquished

Notes
Turn   | Place    | Note
-------+----------+-------------------------------------------
     0 | D:1      | rabbitsville the Merfolk Gladiator began the quest for the
                  | Orb.
     0 | D:1      | Reached XP level 1. HP: 16/16 MP: 1/1
   235 | D:1      | Reached XP level 2. HP: 23/23 MP: 2/2
   713 | D:1      | Found a faded altar of an unknown god.
   739 | D:1      | Reached skill level 5 in Polearms
   750 | D:1      | Reached XP level 3. HP: 11/28 MP: 3/3
  1492 | D:2      | Found a hazy altar of Hepliaklqana.
  1928 | D:2      | Found Cuclobu's Armour Shop.
  1939 | D:2      | Reached XP level 4. HP: 35/35 MP: 4/4
  2003 | D:2      | Reached skill level 6 in Polearms
  2708 | D:3      | Found Yrchaotz's Distillery.
  2732 | D:3      | Reached XP level 5. HP: 37/41 MP: 5/5
  2812 | D:3      | Reached skill level 7 in Polearms
  3050 | D:3      | Noticed an orc warrior
  3266 | D:4      | Reached XP level 6. HP: 43/48 MP: 6/6
  3507 | D:4      | Found a transporter.
  3508 | D:4      | Identified the +6 dire flail of Zimiv {drain, *Corrode
                  | rPois rN++}
  3508 | D:4      | Noticed sammy202020's ghost (amateur GrBe)
  3513 | D:4      | Found a transporter.
  3787 | D:4      | Found a broken altar of Ashenzari.
  4526 | D:3      | Killed an orc warrior
  4527 | D:3      | Reached skill level 8 in Polearms
  4962 | D:5      | Entered Level 5 of the Dungeon
  5082 | D:5      | Noticed a water moccasin
  5097 | D:5      | Killed a water moccasin
  5098 | D:5      | Reached skill level 5 in Fighting
  5098 | D:5      | Reached XP level 7. HP: 12/56 MP: 7/7
  5312 | D:5      | Noticed Pikel
  5328 | D:5      | Slain by a lemure

Illustrated notes

Levels and vault maps discovered:
D:1:      ncdulo_watergridlock, layout_loops_ring, shapermc_ecumenical_altar_gd,
          minmay_rat_gold_closets
D:2:      layout_basic, serial_shops, nicolae_diamond_shop, basic_altar
D:3:      kennysheep_big_flooded_room, layout_basic, serial_shops,
          nicolae_square_shop
D:4:      layout_rooms, lemuel_coloured_pillars_altar, gammafunk_ghost_smash
D:5:      layout_basic, lemuel_flamethrower_1, uniq_pikel

Skill      XL: |  1  2  3  4  5  6 |
---------------+-------------------+-----
Polearms       | 5 6 7 8 |  8.9
Fighting       | 3 4 5 |  5.0
Throwing       | |  2.0
Dodging        | |  4.0

Action                   |  1- 3 |  4- 6 |  7- 9 || total
-------------------------+-------+-------+-------++-------
Melee: Trident           |   120 |   180 |    17 ||   317
       Punch             |       |       |     1 ||     1
Throw: Javelin           |       |     2 |       ||     2
       Dart              |       |     5 |       ||     5
       Throwing net      |       |     1 |     1 ||     2
Evoke: Wand              |       |     2 |       ||     2
  Use: Potion            |       |     1 |     1 ||     2
 Stab: Sleeping          |     3 |     3 |       ||     6
Armor: Leather armour    |    30 |    21 |       ||    51
Dodge: Dodged            |    82 |    70 |     6 ||   158

Table legend: (Time is in decaauts)
 A = Elapsed time spent in this place.
 B = Non-inter-level travel time spent in this place.
 C = Inter-level travel time spent in this place.
 D = Time resting spent in this place.
 E = Time spent auto-exploring this place.
 F = Levels seen in this place.
 G = Mean time per level.
                   A        B        C        D        E       F      G
               +--------+--------+--------+--------+--------+-----+--------+
         Total |   5319 |   5138 |    181 |   1127 |   2576 |   5 | 1063.8 |
       Dungeon |   5319 |   5138 |    181 |   1127 |   2576 |   5 | 1063.8 |
               +--------+--------+--------+--------+--------+-----+--------+

Top non-repeatable levels by time:
     D:3: 1689 daAuts
     D:2: 1259 daAuts
     D:1: 1162 daAuts
     D:4: 845 daAuts
     D:5: 362 daAuts
